 Dungeon Crawl Stone Soup version 0.20.1-1-g8b1a95d66d (webtiles) character file.

135 Jynx the Insei (level 4, -2/36 HPs)
             Began as a Draconian Transmuter on Dec 30, 2017.
             Slain by an orc wizard
             ... wielding a +0 dagger
              (3 damage)
             ... on level 3 of the Dungeon.
             The game lasted 00:04:55 (3119 turns).

Jynx the Insei (Draconian Transmuter)               Turns: 3119, Time: 00:04:55

Health: -2/36      AC:  5    Str: 12    XL:     4   Next: 96%
Magic:  7/7        EV: 12    Int: 13    God:
Gold:   74         SH:  0    Dex: 13    Spells: 1/7 levels left

rFire    . . .     SeeInvis .     - Unarmed
rCold    . . .     Gourm    .   (no shield)
rNeg     . . .     Faith    .   (armour unavailable)
rPois    .         Spirit   .   (helmet restricted)
rElec    .         Reflect  .   (no cloak)
rCorr    .         Harm     .   (no gloves)
MR       .....                  (no boots)
Stlth    +.........             (no amulet)
Regen    0.2/turn               (no ring)
MPRegen  0.1/turn               (no ring)

@: no status effects
A: unfitting armour, cold-blooded, AC +5
a: no special abilities


You were on level 3 of the Dungeon.
You were very hungry.

You visited 1 branch of the dungeon, and saw 3 of its levels.

You collected 74 gold pieces.

Inventory:

Missiles
 a - 69 arrows
Jewellery
 h - an uncursed ring of fire
 m - an uncursed amulet of faith
Scrolls
 i - a scroll of immolation {unknown}
 o - a scroll of noise {unknown}
 p - a scroll of random uselessness {unknown}
 s - a scroll of identify
Potions
 e - a potion of curing
 f - a potion of cancellation
 g - 2 potions of brilliance {unknown}
 j - a potion of agility {unknown}
 k - a potion of invisibility {unknown}
 n - a potion of lignification {unknown}
 r - a potion of flight {unknown}
Books
 b - a book of Changes

   Spells                             Type                      Level
   a - Beastly Appendage              Transmutation                1
   b - Sticks to Snakes               Transmutation                2
   c - Spider Form                    Transmutation/Poison         3
   d - Ice Form                       Ice/Transmutation            4
   e - Blade Hands                    Transmutation                5
Comestibles
 c - 3 bread rations
 d - 2 meat rations
 l - 3 royal jellies


   Skills:
 + Level 1.9 Fighting
 - Level 1.7 Dodging
 + Level 3.8 Unarmed Combat
 + Level 2.3 Spellcasting
 * Level 3.7 Transmutations
 + Level 1.1 Poison Magic


You had one spell level left.
You knew the following spells:

 Your Spells              Type           Power        Failure   Level  Hunger
a - Beastly Appendage     Tmut           ##....       5%          1    #......
b - Sticks to Snakes      Tmut           ##......     8%          2    ###....
c - Spider Form           Tmut/Pois      #.........   26%         3    ###....


Dungeon Overview and Level Annotations

Branches:
Dungeon (3/15)

Altars:
Qazlal


Innate Abilities, Weirdness & Mutations

Your plain brown scales are hard. (AC +5)
You cannot fit into any form of body armour.
You are cold-blooded and may be slowed by cold attacks.


Message History

The orc wizard casts a spell.
The orc wizard blinks!
The orc misses you.
There is a stone staircase leading up here.
You barely miss the orc wizard.
Your tail-slap misses the orc wizard.
The orc wizard is heavily wounded.
The orc wizard barely misses you.
The orc wizard gestures at you while chanting.
The magic dart hits you!
* * * LOW HITPOINT WARNING * * *
The orc hits you but does no damage.
It was a potion of cancellation.
Your magical effects are unravelling.
You feel magically purged.
You feel yourself speed up.
The orc wizard hits you but does no damage.
The orc hits you with a whip.
* * * LOW HITPOINT WARNING * * *
The orc wizard hits you but does no damage.
The orc wizard hits you with a dagger.
You die...

.........................+.......
.............###...#####.#.......
....P...###..# #...# #.........
..####.......# #...######........
..#..#...###.# #...#....#..######
..'..#...[...# #...#....##.## ###
..####.).##### #...#....##..# #..
.....P...# #(o.#....###.###.#
......).#### #@..#....'........
###.####(..# #o§.#....####.##.# #
#.# #.#.# #.######...##.##..
###.# #.#.# #.# ###.##..###
....####.#.# #(# #)###.# #
##.......#.# #)##### #.# #.# #
##.###.....#####...o.## #.# #.###
...# #........####....# #.###..##
#### #....###...o.....# #.)....##


You could see an orc wizard and an orc.

Vanquished Creatures
  2 adders
  3 gnolls
  An ooze (D:1)
  2 dart slugs
  2 leopard geckos (D:1)
  6 orcs (D:3)
  4 giant cockroaches (D:2)
  7 goblins
  8 hobgoblins
  4 jackals (D:1)
  9 kobolds
  3 quokkas (D:2)
  4 bats
  4 frilled lizards (D:1)
  8 rats
67 creatures vanquished.

Notes
Turn   | Place    | Note
-------+----------+-------------------------------------------
     0 | D:1      | Jynx the Draconian Transmuter began the quest for the Orb.
     0 | D:1      | Reached XP level 1. HP: 16/16 MP: 3/3
   180 | D:1      | Reached XP level 2. HP: 11/23 MP: 3/5
   349 | D:1      | Learned a level 2 spell: Sticks to Snakes
   506 | D:1      | Reached XP level 3. HP: 8/28 MP: 4/6
   773 | D:1      | Learned a level 3 spell: Spider Form
  1574 | D:2      | Reached XP level 4. HP: 35/35 MP: 7/7
  1747 | D:2      | Found a stormy altar of Qazlal.
  2436 | D:3      | Reached skill level 1 in Poison Magic
  3119 | D:3      | HP: 1/36 [orc/whip (3)]
  3119 | D:3      | Slain by an orc wizard

Skill      XL: |  1  2  3  4 |
---------------+-------------+-----
Transmutations | 3 |  3.7
Poison Magic   | 1 |  1.1
Fighting       | |  1.9
Dodging        | |  1.7
Unarmed Combat | |  3.8
Spellcasting   | |  2.3

Action                   |  1- 3 |  4- 6 || total
-------------------------+-------+-------++-------
Melee: Unarmed           |   111 |   132 ||   243
       Kick              |     6 |    13 ||    19
       Tailslap          |    11 |    10 ||    21
       Headbutt          |     6 |     6 ||    12
       Punch             |     1 |     1 ||     2
 Cast: Beastly Appendage |    22 |    20 ||    42
  Use: Scroll            |       |     4 ||     4
       Potion            |       |     2 ||     2
 Stab: Sleeping          |       |     1 ||     1
  Eat: Chunk             |     3 |     4 ||     7
Armor: Skin              |    29 |    44 ||    73
Dodge: Dodged            |    88 |    95 ||   183
